| TOP OF THE 1ST |
|
Rome Braves batting - Pitching for Hillsboro Hops : RHP Alexis Priego
|
|
Pitching: RHP Alexis Priego
|
|
|
Batting: RHB Rafael Reyes
|
0-0: Ball 1-0: Fly out, F3 (Popup, 3SF, EV 72.5 MPH)
|
|
Batting: RHB Chris Trites
|
0-0: Ball 1-0: Ground out U3 (Groundball, 3L, EV 97.5 MPH)
|
|
Batting: LHB Ricardo Sandoval
|
0-0: Ball 1-0: Called Strike 1-1: Ground out 4-3 (Groundball, 4, EV 92.5 MPH)
|
| Top of the 1st over - 0 runs, 0 hits, 0 errors, 0 left on base; Rome 0 - Hillsboro 0 |
| BOTTOM OF THE 1ST |
|
Hillsboro Hops batting - Pitching for Rome Braves : LHP Jake Warwick
|
|
Pitching: LHP Jake Warwick
|
|
|
Batting: RHB Yutaka Oki
|
0-0: Foul Ball, location: 2F 0-1: Ball 1-1: Swinging Strike 1-2: Ball 2-2: Ground out 6-3 (Groundball, 56, EV 81.9 MPH)
|
|
Batting: RHB Daniel Rivera
|
0-0: Foul Ball, location: 2F 0-1: Swinging Strike 0-2: Strikes out swinging
|
|
Batting: RHB Danny Loyola
|
0-0: Ball 1-0: Foul Ball, location: 2F 1-1: Ball 2-1: Ball 3-1: Called Strike 3-2: Foul Ball, location: 2F 3-2: SINGLE (Groundball, 25, EV 68.1 MPH) (infield hit)
|
|
Batting: RHB Mike Swift
|
0-0: Called Strike Danny Loyola steals 2nd base 0-1: Foul Ball, location: 2F 0-2: Foul Ball, location: 2F 0-2: 2-RUN HOME RUN (Flyball, 78XD, EV 110.0 MPH), Distance : 448 ft
|
|
Batting: LHB Franklin Quezada
|
0-0: Fly out, F8 (Flyball, 8RS, EV 81.2 MPH)
|
| Bottom of the 1st over - 2 runs, 2 hits, 0 errors, 0 left on base; Rome 0 - Hillsboro 2 |
| TOP OF THE 2ND |
|
Rome Braves batting - Pitching for Hillsboro Hops : RHP Alexis Priego
|
|
Batting: LHB Tamaichi Sasada
|
0-0: Swinging Strike 0-1: Ground out U3 (Groundball, 3, EV 92.5 MPH)
|
|
Batting: SHB Karl Starnes
|
0-0: Called Strike 0-1: SINGLE (Flyball, 8LS, EV 100.0 MPH)
|
|
Batting: RHB Costantino Dolfini
|
0-0: SINGLE (Flyball, 9S, EV 95.6 MPH) Karl Starnes to second Runner from 2nd tries for 3rd, SAFE, throw by RF made to third
|
|
Batting: RHB Gebre-Giorgios Wangondu
|
0-0: Called Strike Costantino Dolfini is caught stealing 2nd base 2-4 0-1: Called Strike 0-2: Ball 1-2: Ball 2-2: Strikes out swinging
|
| Top of the 2nd over - 0 runs, 2 hits, 0 errors, 1 left on base; Rome 0 - Hillsboro 2 |
| BOTTOM OF THE 2ND |
|
Hillsboro Hops batting - Pitching for Rome Braves : LHP Jake Warwick
|
|
Batting: RHB Cesar Rendon
|
0-0: DOUBLE (Groundball, 5L, EV 95.0 MPH)
|
|
Batting: RHB Sean Tanner
|
0-0: Ball 1-0: Ball 2-0: Called Strike 2-1: Ground out 6-3 (Groundball, 6, EV 86.9 MPH)
|
|
Batting: RHB Jonathan Underhill
|
0-0: Ball 1-0: Ball 2-0: Swinging Strike 2-1: Called Strike 2-2: Strikes out swinging
|
|
Batting: LHB Josh Kirk
|
0-0: Ball 1-0: Called Strike 1-1: Called Strike 1-2: Foul Ball, location: 2F 1-2: Ball 2-2: Ball 3-2: DOUBLE (Line Drive, 7LD, EV 110.0 MPH) Cesar Rendon scores
|
|
Batting: RHB Yutaka Oki
|
0-0: Called Strike 0-1: Ball 1-1: Ball 2-1: Ball 3-1: Fly out, F8 (Line Drive, 8LXD, EV 111.9 MPH)
|
| Bottom of the 2nd over - 1 run, 2 hits, 0 errors, 1 left on base; Rome 0 - Hillsboro 3 |
| TOP OF THE 3RD |
|
Rome Braves batting - Pitching for Hillsboro Hops : RHP Alexis Priego
|
|
Batting: RHB Tony Cabrera
|
0-0: Swinging Strike 0-1: Ball 1-1: Foul Ball, location: 2F 1-2: Foul Ball, location: 2F 1-2: Ball 2-2: Foul Ball, location: 2F 2-2: Fly out, F4 (Line Drive, 4, EV 70.0 MPH)
|
|
Batting: LHB Jason Herr
|
0-0: Foul Ball, location: 2F 0-1: Foul Ball, location: 2F 0-2: Strikes out swinging
|
|
Batting: RHB Rafael Reyes
|
0-0: Called Strike 0-1: Swinging Strike 0-2: Fly out, F8 (Flyball, 8LM, EV 87.5 MPH)
|
| Top of the 3rd over - 0 runs, 0 hits, 0 errors, 0 left on base; Rome 0 - Hillsboro 3 |
| BOTTOM OF THE 3RD |
|
Hillsboro Hops batting - Pitching for Rome Braves : LHP Jake Warwick
|
|
Batting: RHB Daniel Rivera
|
0-0: Called Strike 0-1: Called Strike 0-2: Foul Ball, location: 2F 0-2: Strikes out swinging
|
|
Batting: RHB Danny Loyola
|
0-0: Called Strike 0-1: Ball 1-1: Ball 2-1: Fly out, F9 (Flyball, 9, EV 88.1 MPH)
|
|
Batting: RHB Mike Swift
|
0-0: Foul Ball, location: 2F 0-1: Ball 1-1: Fly out, F7 (Flyball, 7S, EV 86.9 MPH)
|
| Bottom of the 3rd over - 0 runs, 0 hits, 0 errors, 0 left on base; Rome 0 - Hillsboro 3 |
| TOP OF THE 4TH |
|
Rome Braves batting - Pitching for Hillsboro Hops : RHP Alexis Priego
|
|
Batting: RHB Chris Trites
|
0-0: Hit by Pitch
|
|
Batting: LHB Ricardo Sandoval
|
0-0: Called Strike 0-1: Ball Chris Trites steals 2nd base 1-1: Ball 2-1: Called Strike 2-2: Foul Ball, location: 2F 2-2: Fly out, F8 (Flyball, 8LD, EV 85.0 MPH)
|
|
Batting: LHB Tamaichi Sasada
|
0-0: Called Strike Chris Trites steals 3rd base 0-1: Ball 1-1: Ball 2-1: SINGLE (Groundball, 6MD, EV 99.4 MPH) Chris Trites scores
|
|
Batting: SHB Karl Starnes
|
0-0: Ball 1-0: Foul Ball, location: 2F 1-1: Foul Ball, location: 2F 1-2: Foul Ball, location: 2F 1-2: Ball 2-2: Foul Ball, location: 2F 2-2: Fly out, F8 (Flyball, 78S, EV 83.1 MPH)
|
|
Batting: RHB Costantino Dolfini
|
0-0: Ball 1-0: Ground out 4-3 (Groundball, 4, EV 83.8 MPH)
|
| Top of the 4th over - 1 run, 1 hit, 0 errors, 1 left on base; Rome 1 - Hillsboro 3 |
| BOTTOM OF THE 4TH |
|
Hillsboro Hops batting - Pitching for Rome Braves : LHP Jake Warwick
|
|
Batting: LHB Franklin Quezada
|
0-0: Fly out, F7 (Flyball, 7D, EV 102.5 MPH)
|
|
Batting: RHB Cesar Rendon
|
0-0: Ball 1-0: Fly out, F7 (Flyball, 78S, EV 88.8 MPH)
|
|
Batting: RHB Sean Tanner
|
0-0: Called Strike 0-1: Called Strike 0-2: Ball 1-2: Ball 2-2: Foul Ball, location: 2F 2-2: Strikes out swinging
|
| Bottom of the 4th over - 0 runs, 0 hits, 0 errors, 0 left on base; Rome 1 - Hillsboro 3 |
| TOP OF THE 5TH |
|
Rome Braves batting - Pitching for Hillsboro Hops : RHP Alexis Priego
|
|
Batting: RHB Gebre-Giorgios Wangondu
|
0-0: Ground out 5-3 (Groundball, 56, EV 96.2 MPH)
|
|
Batting: RHB Tony Cabrera
|
0-0: Ball 1-0: Foul Ball, location: 2F 1-1: Ball 2-1: Foul Ball, location: 2F 2-2: Strikes out looking
|
|
Batting: LHB Jason Herr
|
0-0: Called Strike 0-1: Foul Ball, location: 2F 0-2: Reached on error, E4 (Groundball, 34, EV 108.1 MPH)
|
|
Batting: RHB Rafael Reyes
|
0-0: Ball 1-0: Ball 2-0: Swinging Strike 2-1: Foul Ball, location: 2F 2-2: Foul Ball, location: 2F 2-2: Ball 3-2: Foul Ball, location: 2F 3-2: Strikes out looking
|
| Top of the 5th over - 0 runs, 0 hits, 1 error, 1 left on base; Rome 1 - Hillsboro 3 |
| BOTTOM OF THE 5TH |
|
Hillsboro Hops batting - Pitching for Rome Braves : LHP Jake Warwick
|
|
Batting: RHB Jonathan Underhill
|
0-0: Ball 1-0: Foul Ball, location: 2F 1-1: Ball 2-1: DOUBLE (Line Drive, 7LS, EV 102.5 MPH)
|
|
Batting: LHB Josh Kirk
|
0-0: Called Strike 0-1: Ball 1-1: Ground out 4-3 (Groundball, 4, EV 110.0 MPH) Jonathan Underhill to third
|
|
Batting: RHB Yutaka Oki
|
0-0: Called Strike 0-1: Fly out, F8 (Flyball, 8RD, EV 73.8 MPH) Runner from 3rd tags up, SCORES, throw by CF
|
|
Batting: RHB Daniel Rivera
|
0-0: Ball 1-0: Ball 2-0: Foul Ball, location: 2F 2-1: Called Strike 2-2: Ground out 6-3 (Groundball, 6, EV 90.0 MPH)
|
| Bottom of the 5th over - 1 run, 1 hit, 0 errors, 0 left on base; Rome 1 - Hillsboro 4 |
| TOP OF THE 6TH |
|
Rome Braves batting - Pitching for Hillsboro Hops : RHP Alexis Priego
|
|
Batting: RHB Chris Trites
|
0-0: Ball 1-0: Called Strike 1-1: Ball 2-1: Swinging Strike 2-2: Ball 3-2: Fly out, F7 (Line Drive, 78M, EV 96.9 MPH)
|
|
Batting: LHB Ricardo Sandoval
|
0-0: Ball 1-0: Ball 2-0: Foul Ball, location: 2F 2-1: Ball 3-1: Swinging Strike 3-2: Strikes out swinging
|
|
Batting: LHB Tamaichi Sasada
|
0-0: Ball 1-0: Called Strike 1-1: Foul Ball, location: 2F 1-2: Foul Ball, location: 2F 1-2: Strikes out looking
|
| Top of the 6th over - 0 runs, 0 hits, 0 errors, 0 left on base; Rome 1 - Hillsboro 4 |
| BOTTOM OF THE 6TH |
|
Hillsboro Hops batting - Pitching for Rome Braves : LHP Jake Warwick
|
|
Batting: RHB Danny Loyola
|
0-0: Swinging Strike 0-1: Foul Ball, location: 2F 0-2: Ground out 4-3 (Groundball, 4, EV 111.9 MPH)
|
|
Batting: RHB Mike Swift
|
0-0: Called Strike 0-1: SINGLE (Line Drive, 8RS, EV 93.8 MPH)
|
|
Batting: LHB Franklin Quezada
|
0-0: Fly out, F4 (Popup, 4D, EV 52.5 MPH)
|
|
Batting: RHB Cesar Rendon
|
0-0: Fly out, F4 (Popup, 34D, EV 70.0 MPH)
|
| Bottom of the 6th over - 0 runs, 1 hit, 0 errors, 1 left on base; Rome 1 - Hillsboro 4 |
| TOP OF THE 7TH |
|
Rome Braves batting - Pitching for Hillsboro Hops : RHP Alexis Priego
|
|
Batting: SHB Karl Starnes
|
0-0: DOUBLE (Flyball, 8RD, EV 97.5 MPH)
|
|
Batting: RHB Costantino Dolfini
|
0-0: Called Strike 0-1: Called Strike 0-2: Foul Ball, location: 2F 0-2: Ball 1-2: Fly out, F8 (Flyball, 8RM, EV 88.1 MPH)
|
|
Batting: RHB Gebre-Giorgios Wangondu
|
0-0: Ball 1-0: Called Strike 1-1: SINGLE (Groundball, 15S, EV 66.9 MPH) (infield hit) Karl Starnes to third
|
|
Batting: RHB Tony Cabrera
|
0-0: Ball 1-0: Ball 2-0: Foul Ball, location: 2F 2-1: Ball 3-1: Foul Ball, location: 2F 3-2: Strikes out swinging
|
|
Batting: LHB Jason Herr
|
0-0: Foul Ball, location: 2F 0-1: Ball 1-1: Foul Ball, location: 2F 1-2: Ball 2-2: Strikes out looking
|
| Top of the 7th over - 0 runs, 2 hits, 0 errors, 2 left on base; Rome 1 - Hillsboro 4 |
| BOTTOM OF THE 7TH |
|
Hillsboro Hops batting - Pitching for Rome Braves : LHP Jake Warwick
|
|
Batting: RHB Sean Tanner
|
0-0: Called Strike 0-1: Hit by Pitch
|
|
Batting: RHB Jonathan Underhill
|
0-0: Ball 1-0: Foul Ball, location: 2F 1-1: Foul Ball, location: 2F 1-2: Ball 2-2: Foul Ball, location: 2F 2-2: Fielders Choice at 2nd, 4-6 (Groundball, 4M, EV 95.6 MPH)
|
|
Batting: LHB Josh Kirk
|
0-0: SINGLE (Flyball, 34D, EV 85.0 MPH) Jonathan Underhill to second
|
|
Batting: RHB Yutaka Oki
|
0-0: Called Strike 0-1: Foul Ball, location: 2F 0-2: Ball 1-2: SINGLE (Line Drive, 7S, EV 106.9 MPH) Jonathan Underhill to third Josh Kirk to second Runner from 3rd tries for Home, SAFE, throw by LF to home
|
|
Pitching: RHP Bobby Feig
|
|
|
Batting: RHB Daniel Rivera
|
0-0: Ball 1-0: Called Strike 1-1: Foul Ball, location: 2F 1-2: Grounds into double play, 5-4-3 (Groundball, 5, EV 81.9 MPH)
|
| Bottom of the 7th over - 1 run, 2 hits, 0 errors, 1 left on base; Rome 1 - Hillsboro 5 |
| TOP OF THE 8TH |
|
Rome Braves batting - Pitching for Hillsboro Hops : RHP Alexis Priego
|
|
Pitching: RHP Dan Thompson
|
|
|
Batting: RHB Rafael Reyes
|
0-0: Ball 1-0: Called Strike 1-1: Called Strike 1-2: SOLO HOME RUN (Flyball, 8LXD, EV 115.6 MPH), Distance : 470 ft
|
|
Batting: RHB Chris Trites
|
0-0: Swinging Strike 0-1: Foul Ball, location: 2F 0-2: Ball 1-2: Ball 2-2: Foul Ball, location: 2F 2-2: Strikes out swinging
|
|
Batting: LHB Ricardo Sandoval
|
0-0: Foul Ball, location: 2F 0-1: Foul Ball, location: 2F 0-2: Ball 1-2: Strikes out swinging
|
|
Batting: LHB Tamaichi Sasada
|
0-0: Ball 1-0: Ball 2-0: Swinging Strike 2-1: Foul Ball, location: 2F 2-2: Strikes out swinging
|
| Top of the 8th over - 1 run, 1 hit, 0 errors, 0 left on base; Rome 2 - Hillsboro 5 |
| BOTTOM OF THE 8TH |
|
Hillsboro Hops batting - Pitching for Rome Braves : RHP Bobby Feig
|
|
Batting: RHB Danny Loyola
|
0-0: Swinging Strike 0-1: Ball 1-1: Swinging Strike 1-2: Strikes out looking
|
|
Batting: RHB Mike Swift
|
0-0: Ball 1-0: Called Strike 1-1: Foul Ball, location: 2F 1-2: Strikes out swinging
|
|
Batting: LHB Franklin Quezada
|
0-0: Ball 1-0: Ball 2-0: Fly out, F8 (Line Drive, 78M, EV 102.5 MPH)
|
| Bottom of the 8th over - 0 runs, 0 hits, 0 errors, 0 left on base; Rome 2 - Hillsboro 5 |
| TOP OF THE 9TH |
|
Rome Braves batting - Pitching for Hillsboro Hops : RHP Dan Thompson
|
|
Pitching: RHP John Meyer
|
|
|
Batting: SHB Karl Starnes
|
0-0: Ball 1-0: Called Strike 1-1: Foul Ball, location: 2F 1-2: Strikes out looking
|
|
Batting: RHB Costantino Dolfini
|
0-0: Called Strike 0-1: Ball 1-1: Foul Ball, location: 2F 1-2: Strikes out swinging
|
|
Batting: RHB Gebre-Giorgios Wangondu
|
0-0: Ball 1-0: Foul Ball, location: 2F 1-1: Called Strike 1-2: Foul Ball, location: 2F 1-2: SINGLE (Groundball, 13S, EV 66.9 MPH) (infield hit)
|
|
Batting: RHB Tony Cabrera
|
0-0: Ball 1-0: Called Strike 1-1: Ground out 1-3 (Groundball, 13S, EV 61.9 MPH)
|
| Top of the 9th over - 0 runs, 1 hit, 0 errors, 1 left on base; Rome 2 - Hillsboro 5 |
|